 Dungeon Crawl Stone Soup version 0.30-a0-137-gd8773701ce (webtiles) character file.

Game seed: 63564202461960728

1 Darkkill the Caller (level 1, 0/13 HPs)
             Began as a Demonspawn Wanderer on Sept 23, 2022.
             Killed from afar by a dart slug (2 damage)
             ... with a slug dart
             ... on level 1 of the Dungeon.
             The game lasted 00:00:31 (33 turns).

Darkkill the Caller (Demonspawn Wanderer)             Turns: 33, Time: 00:00:32

Health: 0/13       AC:  2    Str: 11    XL:     1   Next: 16%
Magic:  2/2        EV: 11    Int: 14    God:
Gold:   9          SH:  0    Dex: 12    Spells: 1/2 levels left

rFire   . . .      SeeInvis .    a - +0 dagger
rCold   . . .      Faith    .    (no shield)
rNeg    . . .      Spirit   .    g - +0 robe
rPois   .          Reflect  .    (no helmet)
rElec   .          Harm     .    (no cloak)
rCorr   .          Rampage  .    (no gloves)
Will    .....                    (no boots)
Stlth   ++........               (no amulet)
HPRegen 0.04/turn                (no ring)
MPRegen 0.08/turn                (no ring)

@: no status effects
A: no striking features
a: no special abilities


You were on level 1 of the Dungeon.
You visited 1 branch of the dungeon, and saw 1 of its levels.

You collected 9 gold pieces.

Inventory:

Hand Weapons
 a - a +0 dagger (weapon)
 e - a +0 dagger
Missiles
 b - an atropa-tipped dart (quivered)
 c - a datura-tipped dart
 d - 8 boomerangs
Armour
 g - a +0 robe (worn)
Scrolls
 f - a scroll of blinking


   Skills:
 + Level 1.0 Throwing
 + Level 2.6 Stealth
 + Level 1.0 Spellcasting
 + Level 5.0 Summonings


You had one spell level left.
You knew the following spells:

 Your Spells              Type           Power      Damage    Failure   Level
a - Summon Small Mammal   Summ           56%        N/A       3%          1

Your spell library contained the following spells:

 Spells                   Type           Power      Damage    Failure   Level
 Call Canine Familiar     Summ           14%        N/A       10%         3


Dungeon Overview and Level Annotations

Branches:
Dungeon (1/15)

Altars:


Message History

Found a staircase leading out of the dungeon.
You begin with the following items: a +0 dagger, an atropa-tipped dart, a datura-tipped dart, 8 boomerangs, a +0 dagger, a scroll of blinking, a +0 robe; and the following spell memorised: Summon Small Mammal; and the following spells available to memorise: Call Canine Familiar.
You now have 9 gold pieces.
A goblin comes into view. It is wielding a +0 dagger.
Found a scroll labelled TEWUDAF OSKU and a book of Party Tricks.
A dart slug comes into view.
The goblin shouts!
The goblin hits you with a +0 dagger. The goblin hits you with a +0 dagger.
You hit the goblin but do no damage. The goblin hits you but does no damage.
You closely miss the goblin. The goblin hits you with a +0 dagger.
You hit the goblin but do no damage. The dart slug barely misses you.
The goblin completely misses you.
You hit the goblin.
You kill the goblin!
Found a fizzy clear potion.
The dart slug bites you.
Things that are here:
a +0 dagger; a goblin corpse You hit the dart slug.
The dart slug is lightly wounded.
The dart slug launches a dart at you. The slug dart hits you.
* * * LOW HITPOINT WARNING * * *
You hit the dart slug but do no damage.
The dart slug is lightly wounded.
The dart slug launches a dart at you. The slug dart hits you.
* * * LOW HITPOINT WARNING * * *
The dart slug launches a dart at you.
The slug dart hits you but does no damage.
The dart slug launches a dart at you. The slug dart misses you.
The dart slug launches a dart at you. The slug dart misses you.
You see here a fizzy clear potion.
h - a fizzy clear potion It was a potion of cancellation.
You feel magically purged. The dart slug launches a dart at you.
The slug dart hits you.
You die...

##.# ###...####
#... ##........#
#.#.##...###..<#
#.....).## ###.#
##......# #.#
##.?..## ..#
##.:..# #.##
##.....#####..#
....#....##.@.#
.##......w...##
#........###
##....####
######


You could see a dart slug.

Vanquished Creatures
  A goblin (D:1)
1 creature vanquished.

Notes
Turn   | Place    | Note
-------+----------+-------------------------------------------
     0 | D:1      | Darkkill the Demonspawn Wanderer began the quest for the
                  | Orb.
     0 | D:1      | Darkkill set off with the following items: a +0 dagger, an
                  | atropa-tipped dart, a datura-tipped dart, 8 boomerangs, a
                  | +0 dagger, a scroll of blinking, a +0 robe; and the
                  | following spell memorised: Summon Small Mammal; and the
                  | following spells available to memorise: Call Canine
                  | Familiar.
     0 | D:1      | Reached XP level 1. HP: 13/13 MP: 2/2
    33 | D:1      | Killed from afar by a dart slug

Illustrated notes

Levels and vault maps discovered:
D:1:      dpeg_arrival_round_b, layout_rooms, serial_shops,
          nicolae_shop_waterfront

Action                   || total
-------------------------++-------
Melee: Dagger            ||     6
  Use: Potion            ||     1
Armor: Robe              ||     2
Dodge: Dodged            ||     4

Table legend: (Time is in decaauts)
 A = Elapsed time spent in this place.
 B = Non-inter-level travel time spent in this place.
 C = Inter-level travel time spent in this place.
 D = Time resting spent in this place.
 E = Time spent auto-exploring this place.
 F = Levels seen in this place.
 G = Mean time per level.
                   A        B        C        D        E       F      G
               +--------+--------+--------+--------+--------+-----+--------+
         Total |     33 |     33 |      0 |      0 |      0 |   1 |   33.0 |
       Dungeon |     33 |     33 |      0 |      0 |      0 |   1 |   33.0 |
               +--------+--------+--------+--------+--------+-----+--------+

Top non-repeatable levels by time:
     D:1: 33 daAuts
